[Event "46th GRE-chT Premier 2018"]
[Site "Rio Achaia"]
[Date "2018.07.10"]
[Round "1"]
[White "Kofidis, Andreas"]
[Black "Karapiperis, Alexandros"]
[Result "1/2-1/2"]
[ECO "C49"]
[WhiteElo "2321"]
[BlackElo "1973"]
[Annotator "NA"]
[PlyCount "139"]
[EventDate "2018.07.10"]
[EventType "team-tourn"]
[EventCountry "GRE"]
[SourceTitle "playchess.com"]
[Source "ChessBase"]
[SourceQuality "1"]
[TimeControl "40/5400+30:1800+30"]

1. e4 e5 2. Nf3 Nc6 3. Nc3 Nf6 4. Bb5 Bb4 5. O-O O-O 6. d3 Bxc3 7. bxc3 d6 8. h3 Ne7 9. Re1 a6 10. Bc4 b5 11. Bb3 Ng6 12. a4 Bb7 13. Bd2 c5 14. axb5 axb5 15. c4 b4 16. Bg5 Rxa1 17. Qxa1 h6 18. Bd2 Nh5 19. c3 bxc3 20. Qxc3 Nhf4 21. Bd1 Qf6 22. Kh2 Bc8 23. Ng1 Nh4 24. g3 Nxd3 25. Rf1 Nxf2 26. gxh4 Nxd1 27. Qd3 Nb2 28. Qb1 Qe6 29. Qxb2 Qxc4 30. Re1 f5 31. Qc3 Qe6 32. exf5 Qxf5 33. Be3 Kh8 34. Re2 Bb7 35. Qc2 Qe6 36. Rf2 Rxf2+ 37. Qxf2 c4 38. Ne2 d5 39. Qf8+ Kh7 40. Qf3 Bc6 41. Qg4 Qf7 42. Qg3 Qf6 43. Qf2 Qg6 44. Bc5 Bd7 45. Qg3 Qe4 46. Nc3 Qc2+ 47. Kg1 d4 48. Bf8 Qg6 49. Ne4 Qxg3+ 50. Nxg3 c3 51. Kf2 Bc6 52. h5 d3 53. Nf1 d2 54. Nxd2 cxd2 55. Ke2 Bg2 56. h4 Bf3+ 57. Kxd2 Bxh5 58. Bd6 e4 59. Ke3 Bf3 60. Kf4 Kg6 61. Be5 Kf7 62. Bd4 g6 63. Bc3 Ke6 64. Bg7 g5+ 65. hxg5 h5 66. g6 h4 67. Bd4 h3 68. Kg3 Bg4 69. Kh2 Kd5 70. Be3 1/2-1/2

[Event "46th GRE-chT Premier 2018"]
[Site "Rio Achaia"]
[Date "2018.07.10"]
[Round "1"]
[White "Dimitrov, Atanas"]
[Black "Naoum, Spyridon"]
[Result "0-1"]
[ECO "A05"]
[WhiteElo "2294"]
[BlackElo "2335"]
[Annotator "NA"]
[PlyCount "98"]
[EventDate "2018.07.10"]
[EventType "team-tourn"]
[EventCountry "GRE"]
[SourceTitle "playchess.com"]
[Source "ChessBase"]
[SourceQuality "1"]
[TimeControl "40/5400+30:1800+30"]

1. Nf3 Nf6 2. g3 g6 3. Bg2 Bg7 4. O-O O-O 5. d4 d6 6. Nc3 Nc6 7. h3 e5 8. dxe5 dxe5 9. e4 Be6 10. Be3 Qe7 11. Qe2 Rfd8 12. Ng5 Nd4 13. Bxd4 exd4 14. Nxe6 Qxe6 15. Na4 Nd7 16. Rad1 Qxa2 17. b3 Qa3 18. e5 Nxe5 19. Bxb7 Rab8 20. Ba6 c5 21. f4 Nc6 22. Rfe1 Na5 23. Bc4 Rf8 24. Qd3 Nxc4 25. Qxc4 Rb4 26. Qd5 Rxa4 27. bxa4 Qxg3+ 28. Qg2 Qxf4 29. Re7 a5 30. Rf1 Qd6 31. Qe4 c4 32. Kg2 d3 33. cxd3 cxd3 34. Rd1 d2 35. Re8 Bc3 36. Rxf8+ Kxf8 37. Qa8+ Kg7 38. Qe4 h5 39. Qf3 Bb4 40. Qe4 f5 41. Qb7+ Kh6 42. Qf3 Qe5 43. Rf1 g5 44. Qd3 Kg6 45. Rd1 g4 46. h4 Qe6 47. Rf1 Qc6+ 48. Kg1 Bc5+ 49. Kh2 Qd6+ 0-1

[Event "46th GRE-chT Premier 2018"]
[Site "Rio Achaia"]
[Date "2018.07.10"]
[Round "1"]
[White "Spyropoulos, Nikolaos"]
[Black "Rousos, Stamatios"]
[Result "1-0"]
[ECO "B62"]
[WhiteElo "2293"]
[BlackElo "1700"]
[Annotator "NA"]
[PlyCount "51"]
[EventDate "2018.07.10"]
[EventType "team-tourn"]
[EventCountry "GRE"]
[SourceTitle "playchess.com"]
[Source "ChessBase"]
[SourceQuality "1"]
[TimeControl "40/5400+30:1800+30"]

1. e4 c5 2. Nf3 d6 3. d4 cxd4 4. Nxd4 Nf6 5. Nc3 Nc6 6. Bg5 e6 7. Qd3 Be7 8. O-O-O O-O 9. h4 h6 10. Nxc6 bxc6 11. Be2 Rb8 12. Qg3 hxg5 13. hxg5 Nh7 14. f4 Bxg5 15. fxg5 Qxg5+ 16. Qxg5 Nxg5 17. Rh5 f6 18. Rxd6 c5 19. Rc6 Bb7 20. Rxc5 Bxe4 21. Rhxg5 fxg5 22. Nxe4 Rf4 23. Re5 Kf7 24. Bc4 Rb6 25. g3 Rg4 26. Be2 1-0

[Event "46th GRE-chT Premier 2018"]
[Site "Rio Achaia"]
[Date "2018.07.10"]
[Round "1"]
[White "Cibickova, Zuzana"]
[Black "Richterova, Natasa"]
[Result "1/2-1/2"]
[ECO "B10"]
[WhiteElo "2292"]
[BlackElo "2146"]
[Annotator "NA"]
[PlyCount "82"]
[EventDate "2018.07.10"]
[EventType "team-tourn"]
[EventCountry "GRE"]
[SourceTitle "playchess.com"]
[Source "ChessBase"]
[SourceQuality "1"]
[TimeControl "40/5400+30:1800+30"]

1. e4 c6 2. Nf3 d5 3. Nc3 g6 4. h3 Bg7 5. d4 e6 6. Bf4 Nd7 7. Qd2 Ne7 8. O-O-O Qa5 9. Kb1 dxe4 10. Nxe4 Qxd2 11. Nd6+ Kf8 12. Bxd2 Nf5 13. Nxf5 exf5 14. d5 cxd5 15. Bb4+ Kg8 16. Rxd5 Bf6 17. Bd6 Kg7 18. Bb5 Nb6 19. Rdd1 a6 20. Bd3 Re8 21. Rhe1 Rxe1 22. Rxe1 Be6 23. Be5 Bd5 24. b3 Bxf3 25. gxf3 Bxe5 26. Rxe5 Kf6 27. Re1 Nd5 28. c4 Nf4 29. Bf1 Rd8 30. Kc2 Ne6 31. Kc3 Kg5 32. b4 Kf4 33. Bg2 b6 34. h4 h6 35. a4 Rd7 36. a5 bxa5 37. bxa5 Nd4 38. Rb1 Ne2+ 39. Kc2 Nd4+ 40. Kc3 Ne2+ 41. Kc2 Nd4+ 1/2-1/2

[Event "46th GRE-chT Premier 2018"]
[Site "Rio Achaia"]
[Date "2018.07.10"]
[Round "1"]
[White "Giannoulakis, Lampros"]
[Black "Kapnisis, Spyridon"]
[Result "0-1"]
[ECO "D10"]
[WhiteElo "2287"]
[BlackElo "2456"]
[Annotator "ChessBase"]
[PlyCount "88"]
[EventDate "2018.07.10"]
[EventType "team-tourn"]
[EventCountry "GRE"]
[SourceTitle "playchess.com"]
[Source "ChessBase"]
[SourceQuality "1"]
[TimeControl "40/5400+30:1800+30"]

1. d4 d5 2. c4 c6 3. cxd5 cxd5 4. Bf4 Nc6 5. e3 Nf6 6. Nc3 a6 7. Bd3 Bg4 8. Nge2 e6 9. f3 Bh5 10. g4 Bg6 11. h4 Be7 12. Kf2 Rc8 13. Rc1 b5 14. a4 Bxd3 15. Qxd3 Nb4 16. Qd2 Nd7 17. axb5 Bxh4+ 18. Kg2 Be7 19. bxa6 Nxa6 20. Rh5 Nb4 21. Rch1 Nf8 22. e4 dxe4 23. fxe4 Qd7 24. Kg3 f6 25. d5 g5 26. Be3 Ng6 27. Nd4 exd5 28. Nf5 Bd6+ 29. Kg2 Nh4+ 30. R5xh4 gxh4 31. exd5 Be5 32. Bf4 Rg8 33. Bxe5 Rxg4+ 34. Kh2 Qxf5 35. Bd6 Nd3 36. Qe2+ Kf7 37. Rf1 Nf4 38. Bxf4 Rxf4 39. Qe6+ Kg6 40. Rg1+ Kh6 41. Qe3 Re8 42. Qd2 Kh5 43. Qd1+ Rf3 44. Rg2 Qf4+ 0-1

[Event "46th GRE-chT Premier 2018"]
[Site "Rio Achaia"]
[Date "2018.07.10"]
[Round "1"]
[White "Michaelides, Konstantinos"]
[Black "Kalogeris, Ioannis"]
[Result "0-1"]
[ECO "A40"]
[WhiteElo "2282"]
[BlackElo "2339"]
[Annotator "NA"]
[PlyCount "102"]
[EventDate "2018.07.10"]
[EventType "team-tourn"]
[EventCountry "GRE"]
[SourceTitle "playchess.com"]
[Source "ChessBase"]
[SourceQuality "1"]
[TimeControl "40/5400+30:1800+30"]

1. d4 Nf6 2. c4 e6 3. g3 c5 4. Nf3 cxd4 5. Nxd4 Qc7 6. Nd2 Nc6 7. Nb5 Qb8 8. Bg2 a6 9. Nc3 b5 10. O-O Be7 11. a4 b4 12. Nce4 Bb7 13. Nb3 Ne5 14. Qc2 Nxe4 15. Bxe4 Bxe4 16. Qxe4 f5 17. Qc2 h5 18. Bf4 h4 19. c5 hxg3 20. hxg3 g5 21. Bxe5 Qxe5 22. Rad1 Rh7 23. Kg2 Rc8 24. Qd3 Kf7 25. Rh1 Rch8 26. Qc2 g4 27. Rxh7+ Rxh7 28. e3 Qh8 29. Nd4 Rh2+ 30. Kf1 Qh3+ 31. Ke1 Qg2 32. Qe2 Bxc5 33. Nb3 Rh1+ 34. Kd2 Qd5+ 35. Kc2 Rxd1 36. Qxd1 Qxd1+ 37. Kxd1 Bb6 38. a5 Ba7 39. Kc2 Ke7 40. Nc1 Kd6 41. Nd3 Bc5 42. Kb3 Kd5 43. Nf4+ Ke4 44. Ng6 Bd6 45. Nh8 Kf3 46. Nf7 Bc7 47. Kxb4 Kxf2 48. Ka4 Kxg3 49. b4 Kf2 50. b5 axb5+ 51. Kxb5 Bxa5 0-1

[Event "46th GRE-chT Premier 2018"]
[Site "Rio Achaia"]
[Date "2018.07.10"]
[Round "1"]
[White "Drakoulakos, Grigorios"]
[Black "Barski, Radoslaw"]
[Result "0-1"]
[ECO "B30"]
[WhiteElo "2276"]
[BlackElo "2431"]
[Annotator "NA"]
[PlyCount "116"]
[EventDate "2018.07.10"]
[EventType "team-tourn"]
[EventCountry "GRE"]
[SourceTitle "playchess.com"]
[Source "ChessBase"]
[SourceQuality "1"]
[TimeControl "40/5400+30:1800+30"]

1. e4 c5 2. Nf3 Nc6 3. Bb5 Nf6 4. e5 Nd5 5. Nc3 Nc7 6. Bxc6 dxc6 7. h3 g6 8. O-O Bg7 9. d3 O-O 10. Re1 b6 11. a3 a5 12. Na4 Ne6 13. Be3 Rb8 14. c4 Qc7 15. Qd2 Rd8 16. Rad1 b5 17. cxb5 cxb5 18. Nxc5 Nxc5 19. Rc1 Rxd3 20. Qe2 Qd7 21. Bxc5 Bb7 22. Bd6 Rxd6 23. exd6 exd6 24. Qd3 Bxf3 25. Qxf3 Bxb2 26. Rc2 Be5 27. Rec1 Qe6 28. Rc7 b4 29. axb4 axb4 30. Rb7 Rxb7 31. Qxb7 b3 32. Qc8+ Kg7 33. Qxe6 fxe6 34. Rc7+ Kh6 35. Rb7 b2 36. Kf1 Kg5 37. Ke2 Kf6 38. Kd3 h6 39. g3 g5 40. Rb6 h5 41. Ke4 d5+ 42. Kd3 Kf5 43. Rb7 Bf6 44. Ke3 Be5 45. Rf7+ Kg6 46. Rb7 g4 47. hxg4 hxg4 48. f3 gxf3 49. Kxf3 Kg5 50. g4 Bd4 51. Kg3 e5 52. Rg7+ Kf6 53. Rb7 e4 54. Rb5 Be5+ 55. Kh3 Kg5 56. Rb3 Kf4 57. Rb4 Bc3 58. Rb8 e3 0-1

[Event "46th GRE-chT Premier 2018"]
[Site "Rio Achaia"]
[Date "2018.07.10"]
[Round "1"]
[White "Radeva, Viktoria"]
[Black "Stoumbou, Eleni"]
[Result "1-0"]
[ECO "B15"]
[WhiteElo "2274"]
[BlackElo "1811"]
[Annotator "NA"]
[PlyCount "71"]
[EventDate "2018.07.10"]
[EventType "team-tourn"]
[EventCountry "GRE"]
[SourceTitle "playchess.com"]
[Source "ChessBase"]
[SourceQuality "1"]
[TimeControl "40/5400+30:1800+30"]

1. e4 c6 2. d4 d5 3. Nc3 dxe4 4. Nxe4 Nf6 5. Nxf6+ exf6 6. Nf3 Bd6 7. Bd3 Bg4 8. h3 Bh5 9. O-O O-O 10. Be3 Nd7 11. Re1 Re8 12. Be2 f5 13. c4 c5 14. dxc5 Nxc5 15. Qd5 Qc7 16. Nd4 Bxe2 17. Rxe2 Rad8 18. Nb5 Bh2+ 19. Kf1 Rxd5 20. Nxc7 Bxc7 21. cxd5 Ne4 22. Rc1 Ba5 23. Rec2 g6 24. Rc8 Rxc8 25. Rxc8+ Kg7 26. Bxa7 Nd6 27. Rc2 Kf6 28. Bc5 Ne4 29. b4 Bd8 30. f3 Ng3+ 31. Kf2 f4 32. Bd6 Bb6+ 33. Bc5 Bd8 34. Bd4+ Ke7 35. Rc8 Nf5 36. Bf6+ 1-0

[Event "46th GRE-chT Premier 2018"]
[Site "Rio Achaia"]
[Date "2018.07.10"]
[Round "1"]
[White "Avramidou, Anastasia"]
[Black "Ivanova, Simoneta"]
[Result "1/2-1/2"]
[ECO "D10"]
[WhiteElo "2262"]
[BlackElo "2091"]
[Annotator "NA"]
[PlyCount "79"]
[EventDate "2018.07.10"]
[EventType "team-tourn"]
[EventCountry "GRE"]
[SourceTitle "playchess.com"]
[Source "ChessBase"]
[SourceQuality "1"]
[TimeControl "40/5400+30:1800+30"]

1. c4 c6 2. d4 d5 3. cxd5 cxd5 4. Nc3 Nf6 5. Bf4 Nc6 6. e3 Bg4 7. Qb3 Na5 8. Bb5+ Bd7 9. Qa4 Nc6 10. Nf3 a6 11. Bxc6 Bxc6 12. Qb3 e6 13. Ne5 Nd7 14. Nxc6 bxc6 15. O-O c5 16. Qa4 cxd4 17. Qxd4 Qb6 18. Rac1 Qxd4 19. exd4 Be7 20. Rfe1 Nf6 21. Na4 Nd7 22. Rc6 Bf6 23. Rd6 Be7 24. Rc6 Bf6 25. Rd6 Be7 26. Rxd7 Kxd7 27. Nb6+ Kc6 28. Nxa8 Rxa8 29. Rc1+ Kb6 30. Be5 f6 31. Bf4 Bf8 32. h4 Re8 33. Rc3 e5 34. Be3 Kb7 35. Rb3+ Kc7 36. Rc3+ Kd7 37. Rd3 Kc6 38. Rc3+ Kd7 39. Rd3 Kc6 40. Rc3+ 1/2-1/2

[Event "46th GRE-chT Premier 2018"]
[Site "Rio Achaia"]
[Date "2018.07.10"]
[Round "1"]
[White "Papadopoulos, Argirios"]
[Black "Vallianos, Gerasimos"]
[Result "1-0"]
[ECO "B90"]
[WhiteElo "2256"]
[BlackElo "1899"]
[Annotator "NA"]
[PlyCount "101"]
[EventDate "2018.07.10"]
[EventType "team-tourn"]
[EventCountry "GRE"]
[SourceTitle "playchess.com"]
[Source "ChessBase"]
[SourceQuality "1"]
[TimeControl "40/5400+30:1800+30"]

1. e4 c5 2. Nf3 d6 3. d4 cxd4 4. Nxd4 Nf6 5. Nc3 a6 6. Bc4 b5 7. Bb3 Bb7 8. O-O Nbd7 9. Re1 Nc5 10. f3 e6 11. Be3 Be7 12. a4 b4 13. Na2 Nxb3 14. cxb3 a5 15. Rc1 Rc8 16. Qd3 Qd7 17. Rxc8+ Bxc8 18. Rc1 O-O 19. Nc6 Bd8 20. Nxd8 Qxd8 21. Qb5 Nd7 22. Rd1 Qc7 23. Rc1 Qd8 24. Rd1 Qc7 25. Qc4 Qb8 26. Qc6 d5 27. exd5 Qe5 28. Bd4 Qe2 29. Rc1 Qd3 30. Qc4 Qg6 31. d6 e5 32. Qxc8 Qxd6 33. Bc5 Nxc5 34. Qxc5 Qd3 35. Qc2 Qe3+ 36. Kh1 f5 37. Rd1 e4 38. Qc4+ Kh8 39. Qf7 Rg8 40. Qxf5 Qxb3 41. Qd5 Qxb2 42. fxe4 h6 43. Nc1 Rf8 44. h3 Rc8 45. Nd3 Qe2 46. Nf4 Qc2 47. Ng6+ Kh7 48. Rf1 b3 49. Qf5 Rh8 50. Nf8+ Kg8 51. Qf7# 1-0

[Event "46th GRE-chT Premier 2018"]
[Site "Rio Achaia"]
[Date "2018.07.10"]
[Round "1"]
[White "Karousos-Theodorakis, Nikolaos"]
[Black "Berbatis, Antonios"]
[Result "1-0"]
[ECO "B85"]
[WhiteElo "2255"]
[BlackElo "1881"]
[Annotator "NA"]
[PlyCount "105"]
[EventDate "2018.07.10"]
[EventType "team-tourn"]
[EventCountry "GRE"]
[SourceTitle "playchess.com"]
[Source "ChessBase"]
[SourceQuality "1"]
[TimeControl "40/5400+30:1800+30"]

1. e4 c5 2. Nf3 e6 3. d4 cxd4 4. Nxd4 Nc6 5. Nc3 Qc7 6. Be3 a6 7. Be2 Nf6 8. O-O Be7 9. f4 d6 10. Qe1 O-O 11. Qg3 Kh8 12. Kh1 Bd7 13. Rae1 Rac8 14. a3 e5 15. fxe5 dxe5 16. Nxc6 Bxc6 17. Bd3 Bd7 18. Bg5 Be6 19. Bxf6 Bxf6 20. Nd5 Bxd5 21. exd5 Qd6 22. Qf3 e4 23. Qxe4 g6 24. c3 Rc5 25. Bb1 Bg7 26. Ba2 Rc7 27. Re2 f5 28. Qe6 Qxe6 29. Rxe6 Rd7 30. Rfe1 Bf6 31. R1e2 Kg7 32. c4 f4 33. c5 Bd4 34. c6 bxc6 35. dxc6 Rc7 36. Bd5 Kh6 37. b4 Rb8 38. Re7 Rbc8 39. a4 Be3 40. Rxc7 Rxc7 41. g3 g5 42. Kg2 Bb6 43. Re6+ Kg7 44. gxf4 gxf4 45. Kf3 Ra7 46. h3 Kf8 47. Rf6+ Ke7 48. Rh6 Kf8 49. Be4 Rg7 50. Rxh7 Rxh7 51. Bxh7 Bc7 52. Bd3 a5 53. bxa5 1-0

[Event "46th GRE-chT Premier 2018"]
[Site "Rio Achaia"]
[Date "2018.07.10"]
[Round "1"]
[White "Kesidis, Odyseas"]
[Black "Loutragotis, Dimitrios"]
[Result "1-0"]
[ECO "B19"]
[WhiteElo "2248"]
[BlackElo "2173"]
[Annotator "NA"]
[PlyCount "83"]
[EventDate "2018.07.10"]
[EventType "team-tourn"]
[EventCountry "GRE"]
[SourceTitle "playchess.com"]
[Source "ChessBase"]
[SourceQuality "1"]
[TimeControl "40/5400+30:1800+30"]

1. e4 c6 2. d4 d5 3. Nd2 dxe4 4. Nxe4 Bf5 5. Ng3 Bg6 6. h4 h6 7. Nf3 Nd7 8. h5 Bh7 9. Bd3 Bxd3 10. Qxd3 e6 11. Bd2 Ngf6 12. O-O-O Bd6 13. Ne4 Nxe4 14. Qxe4 Nf6 15. Qe2 Bc7 16. Kb1 Qd5 17. c4 Qe4+ 18. Qxe4 Nxe4 19. Be3 f5 20. d5 cxd5 21. cxd5 e5 22. Rhe1 O-O 23. Nh4 Bd6 24. Re2 Rac8 25. Bxa7 Rc4 26. Rc1 Ra4 27. Bb6 Rb4 28. Bc7 Bxc7 29. Rxc7 Nf6 30. Nxf5 Nxd5 31. Ne7+ Nxe7 32. Rxe7 e4 33. a3 Rc4 34. Rxb7 e3 35. Rxe3 Rxf2 36. Re8+ Rf8 37. Rxf8+ Kxf8 38. Rb4 Rc5 39. g4 Ke7 40. Ka2 Kd8 41. Kb3 Rc6 42. Rd4+ 1-0

[Event "46th GRE-chT Premier 2018"]
[Site "Rio Achaia"]
[Date "2018.07.10"]
[Round "1"]
[White "Hadzimanolis, Antonios"]
[Black "Gkonelas, Nikolaos"]
[Result "1-0"]
[ECO "A06"]
[WhiteElo "2246"]
[BlackElo "1917"]
[Annotator "NA"]
[PlyCount "83"]
[EventDate "2018.07.10"]
[EventType "team-tourn"]
[EventCountry "GRE"]
[SourceTitle "playchess.com"]
[Source "ChessBase"]
[SourceQuality "1"]
[TimeControl "40/5400+30:1800+30"]

1. Nf3 d5 2. g3 Nf6 3. Bg2 e6 4. O-O Bd6 5. c4 c6 6. b3 O-O 7. Bb2 Nbd7 8. d3 Qe7 9. Qc2 b6 10. e4 dxe4 11. dxe4 e5 12. a3 a5 13. Nc3 Rd8 14. Rfd1 Ba6 15. Rd2 Ne8 16. Rad1 Ndf6 17. Na4 b5 18. cxb5 cxb5 19. Nb6 Rab8 20. Nd5 Nxd5 21. Rxd5 f6 22. Nh4 g6 23. Bh3 Bc8 24. Bf1 Nc7 25. R5d2 Bg4 26. Rc1 Rdc8 27. h3 Be6 28. Qd1 Rb6 29. Rdc2 Bxb3 30. Rxc7 Bxd1 31. Rxc8+ Kf7 32. Rxd1 Qb7 33. Rh8 Kg7 34. Rd8 Qc7 35. Ra8 Qc2 36. Ra7+ Kf8 37. Rc1 Rc6 38. Rxc2 Rxc2 39. Rxa5 Rxb2 40. Rxb5 Ra2 41. Rb7 Bc5 42. Rf7+ 1-0

[Event "46th GRE-chT Premier 2018"]
[Site "Rio Achaia"]
[Date "2018.07.10"]
[Round "1"]
[White "Alexakis, Dimitris"]
[Black "Malataras, Gerasimos"]
[Result "1-0"]
[ECO "C51"]
[WhiteElo "2232"]
[BlackElo "1823"]
[Annotator "NA"]
[PlyCount "77"]
[EventDate "2018.07.10"]
[EventType "team-tourn"]
[EventCountry "GRE"]
[SourceTitle "playchess.com"]
[Source "ChessBase"]
[SourceQuality "1"]
[TimeControl "40/5400+30:1800+30"]

1. e4 e5 2. Nf3 Nc6 3. Bc4 Bc5 4. b4 Bxb4 5. c3 Be7 6. d4 Na5 7. Be2 d6 8. dxe5 dxe5 9. Qa4+ c6 10. Nxe5 Nf6 11. O-O b5 12. Qc2 O-O 13. a4 a6 14. axb5 cxb5 15. Rd1 Qb6 16. Bf4 Bc5 17. Nd3 Nc4 18. Nxc5 Qxc5 19. Nd2 Ng4 20. Rf1 Nge5 21. Nb3 Qb6 22. Nd4 Bb7 23. Kh1 Rac8 24. Rad1 Rfe8 25. f3 g6 26. h4 Nc6 27. Qa2 Nd8 28. Kh2 Ne6 29. Nxe6 Rxe6 30. Rd4 Ne5 31. Rfd1 Qc6 32. Qd2 Ree8 33. Rd6 Qc5 34. Bg5 Nc4 35. Bxc4 Qxc4 36. Bf6 Re6 37. Rd8+ Re8 38. Qh6 Qc7+ 39. R1d6 1-0

[Event "46th GRE-chT Premier 2018"]
[Site "Rio Achaia"]
[Date "2018.07.10"]
[Round "1"]
[White "Ergazakis, Ioannis"]
[Black "Dimopoulos, Symeon"]
[Result "1-0"]
[ECO "C06"]
[WhiteElo "2228"]
[BlackElo "2020"]
[Annotator "NA"]
[PlyCount "87"]
[EventDate "2018.07.10"]
[EventType "team-tourn"]
[EventCountry "GRE"]
[SourceTitle "playchess.com"]
[Source "ChessBase"]
[SourceQuality "1"]
[TimeControl "40/5400+30:1800+30"]

1. e4 e6 2. d4 d5 3. Nd2 Nf6 4. e5 Nfd7 5. Bd3 c5 6. c3 Nc6 7. Ne2 cxd4 8. cxd4 f6 9. Nf4 Nxd4 10. Qh5+ Ke7 11. exf6+ Nxf6 12. Ng6+ hxg6 13. Qxh8 Kf7 14. O-O e5 15. Nb3 Nxb3 16. axb3 Be6 17. Bg5 Qb6 18. Rac1 Rd8 19. Qh4 Be7 20. Qa4 e4 21. Be2 Bc5 22. Qb5 Qxb5 23. Bxb5 Bb6 24. Bf4 d4 25. Bc7 Rd5 26. Bxb6 axb6 27. Rc7+ Nd7 28. Bc4 Rd6 29. Re1 Bxc4 30. Rxc4 Nf6 31. Rc7+ Ke6 32. Rxg7 Kd5 33. Rxg6 d3 34. g4 Rc6 35. Rd1 Ke5 36. g5 Nh5 37. Rxc6 bxc6 38. f3 Kd4 39. fxe4 Kxe4 40. Kf2 Nf4 41. Re1+ Kf5 42. Ke3 Nd5+ 43. Kxd3 Kxg5 44. Re5+ 1-0

[Event "46th GRE-chT Premier 2018"]
[Site "Rio Achaia"]
[Date "2018.07.10"]
[Round "1"]
[White "Papadopoulos, Nikolaos"]
[Black "Kourousis, Epaminondas"]
[Result "1/2-1/2"]
[ECO "B01"]
[WhiteElo "2228"]
[BlackElo "2399"]
[Annotator "NA"]
[PlyCount "64"]
[EventDate "2018.07.10"]
[EventType "team-tourn"]
[EventCountry "GRE"]
[SourceTitle "playchess.com"]
[Source "ChessBase"]
[SourceQuality "1"]
[TimeControl "40/5400+30:1800+30"]

1. e4 d5 2. exd5 Qxd5 3. Nc3 Qa5 4. Nf3 Nf6 5. g3 Bg4 6. h3 Bh5 7. Bg2 e6 8. g4 Bg6 9. Nh4 c6 10. O-O Be7 11. d4 Nbd7 12. Nxg6 hxg6 13. Qf3 Nh7 14. Rd1 O-O 15. Bf4 Rfd8 16. a3 a6 17. Qe2 Ndf6 18. Be3 Qc7 19. Qf3 Nd5 20. Ne2 Bg5 21. c4 Nxe3 22. fxe3 a5 23. Nc3 Nf6 24. Qf2 Qb6 25. Re1 Nd7 26. Rf1 Rf8 27. Ne4 Be7 28. Qc2 Rad8 29. Rad1 Nf6 30. Nc3 e5 31. c5 Qc7 32. Qf2 Rde8 1/2-1/2

[Event "46th GRE-chT Premier 2018"]
[Site "Rio Achaia"]
[Date "2018.07.10"]
[Round "1"]
[White "Tsakiris, Haralambos"]
[Black "Papadopoulos, Panayotis"]
[Result "1/2-1/2"]
[ECO "B31"]
[WhiteElo "2222"]
[BlackElo "2189"]
[Annotator "NA"]
[PlyCount "81"]
[EventDate "2018.07.10"]
[EventType "team-tourn"]
[EventCountry "GRE"]
[SourceTitle "playchess.com"]
[Source "ChessBase"]
[SourceQuality "1"]
[TimeControl "40/5400+30:1800+30"]

1. e4 c5 2. Nf3 Nc6 3. Bb5 g6 4. Bxc6 dxc6 5. d3 Bg7 6. h3 e5 7. Be3 Qe7 8. Nc3 Nf6 9. Qd2 Nd7 10. Bh6 f6 11. Bxg7 Qxg7 12. Nh2 Nf8 13. f4 Ne6 14. fxe5 fxe5 15. Rf1 Nf4 16. O-O-O O-O 17. h4 Be6 18. g3 Nh5 19. Qe3 c4 20. Rxf8+ Rxf8 21. dxc4 Bxc4 22. g4 Nf4 23. Qxa7 Ng2 24. g5 h5 25. Qg1 Nxh4 26. Qg3 Rf4 27. b3 Be6 28. Rd8+ Kh7 29. Kb2 Qe7 30. Rb8 Qc7 31. Ra8 Qd6 32. Ra7 Bc8 33. Ra8 Bd7 34. Ra7 Bc8 35. Ra8 Be6 36. Ra7 Qd4 37. Rxb7+ Kg8 38. Ka3 Bc8 39. Rb4 Qc5 40. Qd3 Rf8 41. Qc4+ 1/2-1/2

[Event "46th GRE-chT Premier 2018"]
[Site "Rio Achaia"]
[Date "2018.07.10"]
[Round "1"]
[White "Roinos, Ilias"]
[Black "Galopoulos, Nikolaos"]
[Result "0-1"]
[ECO "B87"]
[WhiteElo "2220"]
[BlackElo "2351"]
[Annotator "NA"]
[PlyCount "96"]
[EventDate "2018.07.10"]
[EventType "team-tourn"]
[EventCountry "GRE"]
[SourceTitle "playchess.com"]
[Source "ChessBase"]
[SourceQuality "1"]
[TimeControl "40/5400+30:1800+30"]

1. e4 c5 2. Nf3 d6 3. d4 cxd4 4. Nxd4 Nf6 5. Nc3 a6 6. Bc4 e6 7. Bb3 b5 8. Bg5 Be7 9. Qf3 Qb6 10. O-O-O Nbd7 11. Rhe1 O-O 12. Qg3 Nc5 13. f4 Qb7 14. Qh4 h6 15. Bxh6 Nfxe4 16. Bg5 Nxg5 17. fxg5 b4 18. Re3 Nxb3+ 19. Nxb3 bxc3 20. Rh3 Bxg5+ 21. Qxg5 cxb2+ 22. Kb1 e5 23. Rg3 f6 24. Qg6 Qf7 25. Qxf7+ Kxf7 26. Rxd6 Bf5 27. Kxb2 Rfc8 28. c3 Rd8 29. Rxd8 Rxd8 30. c4 Be6 31. c5 Rc8 32. Rc3 Bd5 33. g3 f5 34. Na5 Ke6 35. a3 g5 36. Kc1 e4 37. Kd2 Rh8 38. c6 Rxh2+ 39. Ke1 Rh8 40. c7 Rc8 41. Nc6 Kd6 42. Nd4 f4 43. gxf4 gxf4 44. Nf5+ Kd7 45. Rc5 Bb7 46. Nd4 f3 47. a4 Rxc7 48. Nb3 e3 0-1

[Event "46th GRE-chT Premier 2018"]
[Site "Rio Achaia"]
[Date "2018.07.10"]
[Round "1"]
[White "Galunova, Tsveta"]
[Black "Antova, Gabriela"]
[Result "0-1"]
[ECO "D25"]
[WhiteElo "2204"]
[BlackElo "2301"]
[Annotator "NA"]
[PlyCount "44"]
[EventDate "2018.07.10"]
[EventType "team-tourn"]
[EventCountry "GRE"]
[SourceTitle "playchess.com"]
[Source "ChessBase"]
[SourceQuality "1"]
[TimeControl "40/5400+30:1800+30"]

1. d4 d5 2. c4 dxc4 3. Nf3 Nf6 4. e3 Bg4 5. Bxc4 e6 6. h3 Bh5 7. Nc3 Nc6 8. Bb5 Bd6 9. Qa4 Bxf3 10. gxf3 O-O 11. Bxc6 bxc6 12. Qxc6 Rb8 13. f4 Rb6 14. Qf3 c5 15. Na4 Rb5 16. dxc5 Qa5+ 17. Bd2 Qxa4 18. cxd6 Rxb2 19. Bc3 Ne4 20. Bxb2 Qb4+ 21. Kf1 Nd2+ 22. Kg2 Nxf3 0-1

[Event "46th GRE-chT Premier 2018"]
[Site "Rio Achaia"]
[Date "2018.07.10"]
[Round "1"]
[White "Klerides, Paris"]
[Black "Beliotis, Georgios"]
[Result "0-1"]
[ECO "A46"]
[WhiteElo "2196"]
[BlackElo "2175"]
[Annotator "NA"]
[PlyCount "124"]
[EventDate "2018.07.10"]
[EventType "team-tourn"]
[EventCountry "GRE"]
[SourceTitle "playchess.com"]
[Source "ChessBase"]
[SourceQuality "1"]
[TimeControl "40/5400+30:1800+30"]

1. d4 Nf6 2. Nf3 e6 3. e3 c5 4. Bd3 d6 5. O-O Be7 6. Nbd2 O-O 7. c3 Nbd7 8. Qc2 Qc7 9. Re1 a6 10. a4 b6 11. Ng5 h6 12. Nge4 Bb7 13. b3 Rac8 14. Bb2 Qb8 15. Rac1 Qa8 16. f3 cxd4 17. exd4 Nd5 18. Qd1 Nf4 19. Bb1 b5 20. axb5 axb5 21. Nf1 f5 22. Neg3 Bg5 23. Rc2 Nb6 24. Bc1 Nbd5 25. c4 Nb4 26. Rf2 bxc4 27. h4 Nfd3 28. hxg5 Nxf2 29. Kxf2 c3 30. Bd3 Qa7 31. Ne2 Ba6 32. Bc4 d5 33. Bxa6 Qxa6 34. Nf4 hxg5 35. Rxe6 Rc6 36. Rxc6 Qxc6 37. Nh3 g4 38. Ng5 Ra8 39. fxg4 Ra1 40. gxf5 Qf6 41. Qe2 Ra2 42. Bd2 Nd3+ 43. Qxd3 cxd2 44. Nxd2 Qxg5 45. Ke1 Qxg2 46. Qc3 Qg1+ 47. Ke2 Qg4+ 48. Ke1 Qxf5 49. Qf3 Qg5 50. Qc3 Qg1+ 51. Ke2 Qg4+ 52. Ke1 Ra8 53. Qe3 Ra1+ 54. Kf2 Qg1+ 55. Kf3 Qh1+ 56. Kf2 Qh2+ 57. Kf3 Qh3+ 58. Kf2 Qh4+ 59. Kf3 Re1 60. Qf4 Qh1+ 61. Kf2 Qg1+ 62. Kf3 Re8 0-1